 Dungeon Crawl Stone Soup version 0.31-a0-237-g2d982f9f85 (webtiles) character file.

Game seed: 15013501934284619820

933 Moby the Spear-Bearer (level 8, -8/58 HPs)
             Began as a Merfolk Gladiator on July 12, 2023.
             Splashed by a jelly's acid (9 damage)
             ... on level 6 of the Dungeon.
             The game lasted 00:22:04 (4686 turns).

Moby the Spear-Bearer (Merfolk Gladiator)           Turns: 4686, Time: 00:22:05

Health: -8/58      AC: -6    Str: 14    XL:     8   Next: 11%
Magic:  8/8        EV: 16    Int:  8    God:
Gold:   417        SH:  0    Dex: 17    Spells: 7/7 levels left

rFire   . . .        a - +0 trident
rCold   . . .        (no shield)
rNeg    . . .        b - +0 leather armour
rPois   .            c - +0 helmet
rElec   .            (no cloak)
rCorr   .            (no gloves)
SInv    .            s - +1 pair of boots
Will    .....        (no amulet)
Stlth   +            (no ring)
HPRegen 0.29/turn    (no ring)
MPRegen 0.11/turn

%: no passive effects
@: corroded
A: (nimble swimmer 2), mertail
a: no special abilities


You were on level 6 of the Dungeon.
You visited 1 branch of the dungeon, and saw 6 of its levels.

You collected 417 gold pieces.

Inventory:

Hand Weapons
 a - a +0 trident (weapon)
Missiles
 e - a javelin (quivered)
Armour
 b - a +0 leather armour (worn)
 c - a +0 helmet (worn)
 s - a +1 pair of boots (worn)
Scrolls
 d - a scroll of fog {unknown}
 g - 6 scrolls of fear {unknown}
 i - 5 scrolls of revelation {unknown}
 j - a scroll of blinking {unknown}
 k - 6 scrolls of identify {unknown}
 l - a scroll of noise {unknown}
 n - 2 scrolls of teleportation {unknown}
Potions
 f - a potion of ambrosia
 h - 2 potions of lignification {unknown}
 m - 2 potions of attraction {unknown}
 o - a potion of might {unknown}
 p - 2 potions of brilliance {unknown}
 q - a potion of heal wounds {unknown}
 r - a potion of mutation {unknown}


   Skills:
 - Level 3.0 Fighting
 + Level 9.9 Polearms
 - Level 2.0 Throwing
 + Level 8.2 Dodging
 - Level 0.5 Stealth


You had 7 spell levels left.
You didn't know any spells.
Your spell library was empty.

Dungeon Overview and Level Annotations

Branches:
Dungeon (6/15)
 Temple: D:4-7

Altars:
Dithmenos
Hepliaklqana
Qazlal
Wu Jian
Xom

Annotations:
D:5 2 transporters, rinse's ghost, amateur DsMo


Innate Abilities, Weirdness & Mutations

((You are very nimble when in or above water. (Stealth+, EV+, Speed+++)))
Your lower body shifts to a powerful aquatic tail in water.


Message History

The jelly is moderately wounded.
The jelly hits you.
You are splashed with acid!
Reach: a) +0 trident
Press: ? - help, Dir - move target, f/p - jelly
Aim: a jelly (moderately wounded, about 10% to evade your +0 trident)
You hit the jelly but do no damage.
Your hands burn!
The jelly is moderately wounded.
The jelly closely misses you.
Reach: a) +0 trident
Press: ? - help, Dir - move target, f/p - jelly
Aim: a jelly (moderately wounded, about 10% to evade your +0 trident)
You puncture the jelly!
Your hands burn!
You punch the jelly, but do no damage.
The jelly is almost dead.
The jelly hits you but does no damage.
Reach: a) +0 trident
Press: ? - help, Dir - move target, f/p - jelly
Aim: a jelly (almost dead, about 10% to evade your +0 trident)
You hit the jelly but do no damage. The acid corrodes you!
Your hands burn!
The jelly is almost dead.
The jelly hits you.
* * * LOW HITPOINT WARNING * * *
You are splashed with acid!
* * * LOW HITPOINT WARNING * * *
Reach: a) +0 trident
Press: ? - help, Dir - move target, f/p - jelly
Aim: a jelly (almost dead, about 10% to evade your +0 trident)
You hit the jelly but do no damage.
Your hands burn!
* * * LOW HITPOINT WARNING * * *
The jelly is almost dead.
Unknown command.
Reach: a) +0 trident
Press: ? - help, Dir - move target, f/p - jelly
Aim: a jelly (almost dead, about 10% to evade your +0 trident)
You hit the jelly but do no damage.
Your hands burn!
* * * LOW HITPOINT WARNING * * *
The jelly is almost dead.
The jelly hits you.
* * * LOW HITPOINT WARNING * * *
The acid corrodes you!
You are splashed with acid!
You die...

#......#......#
#<.....#......#
#......#......# ####
#......#......###+##...
.......#.............#
.#######............/#
.#...................#
.#...................#
.'..............@....#
.##...##......##.J...#
########......##.....#
#................
#................
+................
#......##########


You could see a jelly.

Vanquished Creatures
  2 ice beasts
  A sky beast (D:4)
  A phantom (D:4)
  2 scorpions
  A jelly (D:4)
  2 hounds
  2 orc priests (D:3)
  A sleepcap (D:4)
  Terence (D:3)
  3 iguanas
  Ijyb (D:3)
  An orc wizard (D:5)
  5 adders
  2 worms (D:2)
  3 dart slugs
  9 orcs
  6 endoplasms
  3 giant cockroaches (D:2)
  4 goblins
  5 hobgoblins
  2 jackals (D:2)
  7 kobolds
  3 quokkas
  7 ball pythons
  6 bats
  3 frilled lizards
  4 rats
  A spectral kobold (D:3)
88 creatures vanquished.

Notes
Turn   | Place    | Note
-------+----------+-------------------------------------------
     0 | D:1      | Moby the Merfolk Gladiator began the quest for the Orb.
     0 | D:1      | Reached XP level 1. HP: 16/16 MP: 1/1
   159 | D:1      | Reached XP level 2. HP: 22/22 MP: 2/2
   487 | D:1      | Found a faded altar of an unknown god.
   675 | D:2      | Reached XP level 3. HP: 21/27 MP: 3/3
   681 | D:2      | Reached skill level 5 in Polearms
   958 | D:2      | Reached skill level 5 in Dodging
   999 | D:2      | Found a shimmering altar of Xom.
  1207 | D:3      | Noticed Terence
  1213 | D:3      | Killed Terence
  1214 | D:3      | Reached XP level 4. HP: 33/33 MP: 4/4
  1235 | D:3      | Noticed Ijyb
  1314 | D:3      | Noticed a scorpion
  1409 | D:3      | Found a shadowy altar of Dithmenos.
  1500 | D:3      | Killed Ijyb
  1501 | D:3      | Reached skill level 6 in Polearms
  1501 | D:3      | Reached XP level 5. HP: 27/38 MP: 5/5
  1643 | D:3      | Found an ornate altar of the Wu Jian Council.
  1682 | D:3      | Found a hazy altar of Hepliaklqana.
  1996 | D:3      | Reached skill level 7 in Polearms
  2063 | D:3      | Reached XP level 6. HP: 40/44 MP: 6/6
  2325 | D:4      | Found a stormy altar of Qazlal.
  2325 | D:4      | Noticed a sky beast
  2372 | D:4      | Reached skill level 8 in Polearms
  2815 | D:4      | Noticed an ice beast
  2845 | D:5      | Entered Level 5 of the Dungeon
  2854 | D:5      | Reached XP level 7. HP: 34/50 MP: 7/7
  2943 | D:5      | Found a transporter.
  2975 | D:5      | Noticed rinse's ghost (amateur DsMo)
  2993 | D:5      | Found a transporter.
  4064 | D:4      | Reached skill level 9 in Polearms
  4584 | D:5      | Reached XP level 8. HP: 58/58 MP: 8/8
  4686 | D:6      | HP: 2/58 [acid (3)]
  4686 | D:6      | Splashed by a jelly's acid

Illustrated notes

Levels and vault maps discovered:
D:1:      dpeg_arrival_central, layout_basic, chequers_ecumenical_altar_island
D:2:      layout_rooms, basic_altar
D:3:      layout_rooms, nicolae_overflow_crystal_walls,
          nicolae_dithmenos_shadow_blocks,
          nicolae_hepliaklqana_monster_ancestors, uniq_terence, uniq_ijyb
D:4:      layout_gridville, nicolae_qazlal_beasts_of_the_sky
D:5:      layout_gridville, gammafunk_ghost_hive
D:6:      layout_gridville, uniq_menkaure

Skill      XL: |  1  2  3  4  5  6  7  8 |
---------------+-------------------------+-----
Polearms       | 5 6 7 8 9 |  9.9
Dodging        | 5 6 7 8 |  8.2
Fighting       | 3 |  3.0
Throwing       | |  2.0
Stealth        | |  0.5

Action                     |  1- 3 |  4- 6 |  7- 9 || total
---------------------------+-------+-------+-------++-------
  Melee: Trident           |   144 |   170 |   129 ||   443
         Punch             |       |     3 |     2 ||     5
  Throw: Throwing net      |     4 |       |     1 ||     5
         Javelin           |     1 |     2 |       ||     3
    Use: Potion            |       |     1 |     1 ||     2
   Stab: Sleeping          |     1 |     1 |     1 ||     3
         Held in net/web   |     2 |       |     1 ||     3
 Armour: Leather armour    |    29 |    27 |    17 ||    73
  Dodge: Dodged            |    76 |    93 |    60 ||   229

Table legend: (Time is in decaauts)
 A = Elapsed time spent in this place.
 B = Non-inter-level travel time spent in this place.
 C = Inter-level travel time spent in this place.
 D = Time resting spent in this place.
 E = Time spent auto-exploring this place.
 F = Levels seen in this place.
 G = Mean time per level.
                   A        B        C        D        E       F      G
               +--------+--------+--------+--------+--------+-----+--------+
         Total |   4663 |   4474 |    189 |    865 |   2579 |   6 |  777.2 |
       Dungeon |   4663 |   4474 |    189 |    865 |   2579 |   6 |  777.2 |
               +--------+--------+--------+--------+--------+-----+--------+

Top non-repeatable levels by time:
     D:4: 1390 daAuts
     D:5: 988 daAuts
     D:3: 840 daAuts
     D:2: 772 daAuts
     D:1: 622 daAuts
     D:6: 49 daAuts
